AoeStats
← josiahkane

Four Lakes

508298507Analyzed
1v1 RM · 12d ago on Sep 21, 2026· 39m 55s· 2 players
Game mode
Random Map
Map size
Tiny (2 player)
Population
200
Speed
Normal
Resources
Standard
Victory
Conquest
Starting age
Dark Age
Ending age
Imperial Age
RankedLock teamsTeams togetherTeam positionsShared explorationLock speedFull tech treeHidden civsTurbo modeCheats
Victory
Defeat
🇦🇷 Magyars · Argentina
905
+16
🇬🇧 Burgundians · United Kingdom
915
-16
el Tucán
7:47 Loom
10:31 Feudal Age
11:09 Double-Bit Axe
17:25 Castle Age
25:48 Fletching
31:05 Imperial Age
28:47 Murder Holes
32:15 Conscription
32:01 Recurve Bow
37:12 Scale Barding Armor
37:03 Bodkin Arrow
38:35 Chain Barding Armor
38:54 Ballistics
josiahkane
7:04 Fishing Lines
10:46 Feudal Age
11:29 Double-Bit Axe
13:14 Loom
13:32 Gillnets
17:28 Horse Collar
18:01 Bow Saw
20:27 Castle Age
25:47 Forging
27:35 Fletching
33:02 Imperial Age
38:13 Sappers
Connection lost

Rejoining the realm…

Still unreachable

The connection could not be restored.

Session expired

The server has moved on; the page needs a fresh start.